 Dungeon Crawl Stone Soup version bcrawl-1.18 (webtiles) character file.

Game seed: 10131633424423513499

29 Kilais the Skirmisher (level 3, 33/33 HPs)
             Began as a Ghoul Abyssal Knight on Nov 3, 2019.
             Was a Believer of Lugonu.
             Safely got out of the dungeon.
             The game lasted 00:07:33 (736 turns).

Kilais the Skirmisher (Ghoul Abyssal Knight)         Turns: 736, Time: 00:07:33

Health: 33/33      AC:  4    Str: 16    XL:     3   Next: 16%
Magic:  3/3        EV: 11    Int:  7    God:    Lugonu [**....]
Gold:   72         SH:  0    Dex:  8    Spells: 2/2 levels left

rFire    . . .     SeeInvis .     - Unarmed
rCold    + . .     Gourm    .   (no shield)
rNeg     + + +     Faith    .   a - +1 leather armour
rPois    ∞         Spirit   .   (no helmet)
rElec    .         Reflect  .   (no cloak)
rCorr    .         Harm     .   (no gloves)
MR       .....                  (no boots)
Stlth    +.........             (no amulet)
HPRegen  0.11/turn              (no ring)
MPRegen  0.08/turn              (no ring)

@: rotting
A: rotting body, claws 1, carnivore, cold resistance 1, negative energy
resistance 3, inhibited regeneration, torment resistance, unbreathing
a: Depart the Abyss, Bend Space, Renounce Religion


You escaped.
You worshipped Lugonu.
Lugonu was pleased with you.
You were not hungry.

You visited 1 branch of the dungeon, and saw 1 of its levels.
You visited the Abyss 1 time.

You collected 72 gold pieces.

Inventory:

Armour
 a - a +1 leather armour (worn)
Scrolls
 d - 2 scrolls of identify
Comestibles
 b - 3 chunks of flesh
 c - 3 rations {!d}


   Skills:
 + Level 3.8 Fighting
 + Level 2.0 Armour
 + Level 1.1 Dodging
 + Level 2.9 Unarmed Combat
 + Level 2.3 Invocations


You had 2 spell levels left.
You didn't know any spells.
Your spell library was empty.

Dungeon Overview and Level Annotations

Branches:
Dungeon (1/12)

Altars:


Innate Abilities, Weirdness & Mutations

Your body is rotting away.
You thrive on raw meat.
You are immune to poison.
You have sharp fingernails.
You are carnivorous and can eat meat at any time.
Your flesh is cold resistant. (rC+)
You are immune to negative energy. (rN+++)
You do not regenerate when monsters are visible.
You are immune to unholy pain and torment.
You can survive without breathing.


Message History

b - 4 chunks of flesh (gained 1)
You see here a rat skeleton.
A rat comes into view.
The rat bites you.
You closely miss the rat. The rat barely misses you.
You closely miss the rat. The rat bites you but does no damage.
You closely miss the rat. The rat barely misses you.
You completely miss the rat. The rat closely misses you.
You barely miss the rat. The rat closely misses you.
You barely miss the rat. The rat closely misses you.
You completely miss the rat. The rat bites you but does no damage.
You barely miss the rat. The rat barely misses you.
You scratch the rat.
You kill the rat!
Lugonu accepts your kill.
Some of the chunks of flesh in your inventory have rotted away.
There is a staircase leading out of the dungeon here.
You can't go down here!
Are you sure you want to leave the Dungeon?
This will make you lose the game!
You have escaped!

.#..# ..............#########
....# .....................#
##..#
#########....÷....#######.#
....#
.................#.....#.#
##.##
###...###...###...#.......#
....
#.............#...####.####
#..##.#.............#...# #.#
#..##....###...###......# #.#
#..##....#......@#......# #.#
.........#.......#......# #.#
..^...#.............#...####.#
......#......#......#...#....#
......#.........[...#...#.####
.........#.......#......#.#
.......).#>......#.....(#.#
##[##.)..###...###....###.#
#.##.#...(.........#.###.#


There were no monsters in sight!

Vanquished Creatures
  A dart slug (D:1)
  8 bats (D:1)
  2 giant cockroaches (D:1)
  3 goblins (D:1)
  2 hobgoblins (D:1)
  A jackal (D:1)
  2 frilled lizards (D:1)
  6 rats (D:1)
25 creatures vanquished.

Notes
Turn   | Place    | Note
-------+----------+-------------------------------------------
     0 | Abyss:1  | Kilais the Ghoul Abyssal Knight began the quest for the
                  | Orb.
     0 | Abyss:1  | Reached XP level 1. HP: 19/19 MP: 1/1
    30 | Abyss:1  | Found a corrupted altar of Lugonu.
    59 | D:1      | Escaped the Abyss
   207 | D:1      | Reached XP level 2. HP: 20/26 MP: 2/2
   433 | D:1      | Reached skill level 1 in Dodging
   523 | D:1      | Reached ** piety under Lugonu
   559 | D:1      | Reached XP level 3. HP: 33/33 MP: 3/3
   736 | D:$      | Safely got out of the dungeon.

Skill      XL: |  1  2 |
---------------+-------+-----
Armour         | 2 |  2.0
Dodging        | 1 |  1.1
Fighting       | |  3.8
Unarmed Combat | |  2.9
Invocations    | |  2.3

Action                   || total
-------------------------++-------
Melee: Unarmed           ||    74
  Use: Scroll            ||     3
  Eat: Chunk             ||     6
Armor: Leather armour    ||    23
Dodge: Dodged            ||    63
